 Dungeon Crawl Stone Soup version 0.26.1-11-gd32895ea62 (webtiles) character file.

Game seed: 12707519948742034276

250 MisterFreud the Skirmisher (level 6, -6/53 HPs)
             Began as a Gnoll Abyssal Knight on May 14, 2021.
             Was a Believer of Lugonu.
             Killed by divine providence
             ... invoked by an orc priest
              (11 damage)
             ... on level 5 of the Dungeon.
             The game lasted 00:04:49 (3708 turns).

MisterFreud the Skirmisher (Gnoll Abyssal Knight)   Turns: 3708, Time: 00:04:49

Health: -6/53      AC:  4    Str: 14    XL:     6   Next: 13%
Magic:  9/9        EV: 13    Int: 17    God:    Lugonu [**....]
Gold:   131        SH:  0    Dex: 14    Spells: 8/8 levels left

rFire    . . .     SeeInvis .   a - +1 short sword
rCold    . . .     Faith    .   (no shield)
rNeg     . . .     Spirit   .   b - +0 leather armour
rPois    .         Reflect  .   (no helmet)
rElec    .         Harm     .   (no cloak)
rCorr    .         Rampage  .   e - +0 pair of gloves
Will     +....                  (no boots)
Stlth    ++........             (no amulet)
HPRegen  0.17/turn              u - ring of willpower
MPRegen  0.11/turn              (no ring)

@: no status effects
A: distributed training, fangs 1, strong nose
a: Renounce Religion, Depart the Abyss, Bend Space


You were on level 5 of the Dungeon.
You worshipped Lugonu.
Lugonu was pleased with you.
You visited 1 branch of the dungeon, and saw 7 of its levels.
You visited the Abyss 1 time.

You collected 131 gold pieces.

Inventory:

Hand Weapons
 a - a +1 short sword (weapon)
Missiles
 d - 12 sling bullets
 h - 49 stones
Armour
 b - a +0 leather armour (worn)
 e - a +0 pair of gloves (worn)
Jewellery
 u - a ring of willpower (left hand)
Wands
 m - a wand of polymorph (9)
Scrolls
 f - a scroll of teleportation
 g - a scroll of remove curse {unknown}
 n - a scroll of fear {unknown}
 o - a scroll of noise {unknown}
 p - a scroll of identify {unknown}
 r - a scroll of amnesia {unknown}
 t - a scroll of enchant armour {unknown}
Potions
 c - a potion of experience {unknown}
 i - a potion of curing {unknown}
 j - a potion of attraction {unknown}
 k - 2 potions of heal wounds
 l - a potion of degeneration {unknown}
 q - a potion of lignification {unknown}
 s - a potion of magic {unknown}


   Skills:
 + Level 6.8 Fighting
 + Level 4.9 Short Blades
 + Level 1.8 Long Blades
 + Level 1.8 Axes
 + Level 1.8 Maces & Flails
 + Level 1.8 Polearms
 + Level 1.8 Staves
 + Level 1.8 Slings
 + Level 1.8 Bows
 + Level 1.8 Crossbows
 + Level 1.8 Throwing
 + Level 4.9 Armour
 + Level 3.1 Dodging
 + Level 1.8 Stealth
 + Level 1.8 Shields
 + Level 1.8 Unarmed Combat
 + Level 1.8 Spellcasting
 + Level 1.4 Conjurations
 + Level 1.4 Hexes
 + Level 1.4 Summonings
 + Level 1.4 Necromancy
 + Level 1.4 Translocations
 + Level 1.4 Transmutations
 + Level 1.4 Fire Magic
 + Level 1.4 Ice Magic
 + Level 1.4 Air Magic
 + Level 1.4 Earth Magic
 + Level 1.4 Poison Magic
 + Level 5.0 Invocations
 + Level 1.8 Evocations


You had 8 spell levels left.
You didn't know any spells.
Your spell library contained the following spells:

 Spells                   Type           Power        Failure   Level
 Magic Dart               Conj           24%          14%         1
 Blink                    Tloc           N/A          21%         2
 Call Imp                 Summ           6%           21%         2
 Slow                     Hex            6%           21%         2
 Conjure Flame            Conj/Fire      6%           38%         3
 Mephitic Cloud           Conj/Pois/Air  6%           38%         3


Dungeon Overview and Level Annotations

Branches:
Dungeon (7/15)
 Temple: D:4-7

Altars:

Annotations:
D:5 Pikel


Innate Abilities, Weirdness & Mutations

Your experience applies equally to all skills.
You have very sharp teeth.
Your uncanny sense of smell can sniff out nearby items.


Message History

Unknown command.
Pikel hits you with a +2 whip of freezing.
Pikel freezes you.
Found a ring mail.
Pikel cracks his whip.
Pikel says, "Hell isn't that bad."
An orc wizard comes into view. It is wielding a +0 dagger.
The orc wizard shouts!
You hear a shout!
An orc comes into view.
An orc priest comes into view. It is wielding a +0 hand axe.
You see here a ring mail.
The orc wizard points at itself and mumbles some strange words.
The orc wizard flickers and vanishes!
Deactivating autopickup; reactivate with Ctrl-A.
The orc priest invokes the aid of Beogh against you.
Beogh smites you!
* * * LOW HITPOINT WARNING * * *
The orc priest calls down the wrath of Beogh upon you.
Beogh smites you!
You die...

#....... #..#
#....#...#..#
#....#.#.#..# ##
#....#.#.#..# ..!
####.#.#.#..# ... #..#
.. ### #..#
###o#.####.#########..##
.......@K[5.55.........#
...o#################.##
. #.# #5# 55K....5.#
########## ∆


You could see Pikel, 3 lemures, an orc priest and an orc.

Vanquished Creatures
  An orc wizard (D:4)
  An iguana (D:4)
  A worker ant (D:6)
  4 adders (D:2)
  6 gnolls
  An ooze (D:1)
  An adder skeleton (D:6)
  2 worms (D:2)
  4 dart slugs (D:1)
  4 leopard geckos
  3 orcs
  6 bats
  4 giant cockroaches
  4 goblins (D:1)
  9 hobgoblins
  3 frilled lizards
  2 kobolds (D:2)
  5 rats
61 creatures vanquished.

Notes
Turn   | Place    | Note
-------+----------+-------------------------------------------
     0 | Abyss:1  | MisterFreud the Gnoll Abyssal Knight began the quest for
                  | the Orb.
     0 | Abyss:1  | Reached XP level 1. HP: 23/23 MP: 3/3
     6 | Abyss:1  | Found a corrupted altar of Lugonu.
    25 | Abyss:1  | Found a shimmering blue altar of Sif Muna.
    26 | Abyss:1  | Noticed a boggart
    26 | Abyss:1  | Noticed a kobold demonologist
    28 | Abyss:1  | Noticed a deep elf mage
    28 | Abyss:1  | Noticed an orc high priest
    29 | Abyss:1  | Noticed a hellwing
    29 | D:1      | Escaped the Abyss
   114 | D:1      | Reached XP level 2. HP: 29/29 MP: 5/5
   241 | D:1      | Reached * piety under Lugonu
   626 | D:1      | Reached XP level 3. HP: 35/35 MP: 6/6
  1030 | D:2      | Reached skill level 1 in Long Blades
  1030 | D:2      | Reached skill level 1 in Axes
  1030 | D:2      | Reached skill level 1 in Maces & Flails
  1030 | D:2      | Reached skill level 1 in Polearms
  1030 | D:2      | Reached skill level 1 in Staves
  1030 | D:2      | Reached skill level 1 in Slings
  1030 | D:2      | Reached skill level 1 in Bows
  1030 | D:2      | Reached skill level 1 in Crossbows
  1030 | D:2      | Reached skill level 1 in Throwing
  1030 | D:2      | Reached skill level 1 in Stealth
  1030 | D:2      | Reached skill level 1 in Shields
  1030 | D:2      | Reached skill level 1 in Unarmed Combat
  1030 | D:2      | Reached skill level 1 in Spellcasting
  1030 | D:2      | Reached skill level 1 in Evocations
  1030 | D:2      | Reached XP level 4. HP: 26/41 MP: 7/7
  1297 | D:2      | Reached ** piety under Lugonu
  1862 | D:2      | Reached skill level 1 in Conjurations
  1862 | D:2      | Reached skill level 1 in Hexes
  1862 | D:2      | Reached skill level 1 in Summonings
  1862 | D:2      | Reached skill level 1 in Necromancy
  1862 | D:2      | Reached skill level 1 in Translocations
  1862 | D:2      | Reached skill level 1 in Transmutations
  1862 | D:2      | Reached skill level 1 in Fire Magic
  1862 | D:2      | Reached skill level 1 in Ice Magic
  1862 | D:2      | Reached skill level 1 in Air Magic
  1862 | D:2      | Reached skill level 1 in Earth Magic
  1862 | D:2      | Reached skill level 1 in Poison Magic
  2447 | D:3      | You fall into a shaft and drop 2 floors!
  2447 | D:5      | Entered Level 5 of the Dungeon
  2513 | D:4      | Reached XP level 5. HP: 16/47 MP: 8/8
  3170 | D:4      | You fall into a shaft and drop 2 floors!
  3226 | D:6      | Noticed a centaur
  3283 | D:6      | Reached skill level 5 in Invocations
  3328 | D:6      | Reached XP level 6. HP: 17/53 MP: 9/9
  3667 | D:5      | Noticed Pikel
  3708 | D:5      | Killed from afar by an orc priest

Illustrated notes

Levels and vault maps discovered:
D:1:      dpeg_arrival_shelter, layout_basic, corexii_corridor_pit
D:2:      layout_basic
D:3:      layout_loops_ring, lemuel_coloured_pillars_altar
D:4:      minmay_clustersquares, layout_rooms, overflow_temple_1_default,
          chequers_temple_overflow_statue_of_worship, uniq_eustachio,
          uniq_sigmund, uniq_duvessa
D:5:      layout_basic, grunt_qazlal_clouds, kennysheep_path_1,
          hex_intersection, uniq_pikel, uniq_menkaure, uniq_ijyb
D:6:      layout_loops_ring, nemelex_xobeh_ov_fountains_minmay
D:7:      layout_basic, minmay_temple_entry_wispy, hangedman_glass_teeth,
          trog_three_pillars_becter

Skill      XL: |  1  2  3  4  5 |
---------------+----------------+-----
Long Blades    | 1 |  1.8
Axes           | 1 |  1.8
Maces & Flails | 1 |  1.8
Polearms       | 1 |  1.8
Staves         | 1 |  1.8
Slings         | 1 |  1.8
Bows           | 1 |  1.8
Crossbows      | 1 |  1.8
Throwing       | 1 |  1.8
Stealth        | 1 |  1.8
Shields        | 1 |  1.8
Unarmed Combat | 1 |  1.8
Spellcasting   | 1 |  1.8
Evocations     | 1 |  1.8
Conjurations   | 1 |  1.4
Hexes          | 1 |  1.4
Summonings     | 1 |  1.4
Necromancy     | 1 |  1.4
Translocations | 1 |  1.4
Transmutations | 1 |  1.4
Fire Magic     | 1 |  1.4
Ice Magic      | 1 |  1.4
Air Magic      | 1 |  1.4
Earth Magic    | 1 |  1.4
Poison Magic   | 1 |  1.4
Dodging        | 3 |  3.1
Invocations    | 5 |  5.0
Fighting       | |  6.8
Short Blades   | |  4.9
Armour         | |  4.9

Action                   |  1- 3 |  4- 6 || total
-------------------------+-------+-------++-------
Melee: Short sword       |   114 |   192 ||   306
       Bite              |    15 |    21 ||    36
       Punch             |       |     2 ||     2
Invok: Depart the Abyss  |     1 |       ||     1
  Use: Potion            |       |     2 ||     2
       Scroll            |       |     1 ||     1
 Stab: Sleeping          |     1 |     1 ||     2
Armor: Leather armour    |    27 |    39 ||    66
Dodge: Dodged            |    72 |   116 ||   188
